 Dungeon Crawl Stone Soup version 0.31-a0-810-ga77100ea1a (webtiles) character file.

Game seed: 16131626491310432921

7 javelincjr the Changeling (level 1, 0/10 HPs)
             Began as a Spriggan Shapeshifter on Sept 21, 2023.
             Slain by a gnoll
             ... wielding a +0 spear
              (10 damage)
             ... on level 1 of the Dungeon.
             The game lasted 00:00:49 (418 turns).

javelincjr the Changeling (Spriggan Shapeshifter)    Turns: 418, Time: 00:00:50

Health: 0/10       AC:  2    Str: 10    XL:     1   Next: 83%
Magic:  2/2        EV: 17    Int: 11    God:
Gold:   0          SH:  0    Dex: 14    Spells: 0/0 levels left

rFire   . .          .
                       - Unarmed
rCold   . . .        (no shield)
rNeg    . . .        a - +0 animal skin
rPois   .            (helmet currently unavailable)
rElec   .            (cloak currently unavailable)
rCorr   .            (gloves unavailable)
SInv    +            (boots unavailable)
Will    .....        (no amulet)
Stlth   +            (no ring)
HPRegen 0.21/turn    (no ring)
MPRegen 0.08/turn

%: no passive effects
@: beast-form, very quick
A: beast (slay +2), very small, no large weapons, unfitting armour, see
invisible, speed 3
a: Begin Untransformation


You were on level 1 of the Dungeon.
You were a hulking beast.
You visited 1 branch of the dungeon, and saw 1 of its levels.

Inventory:

Missiles
 i - 4 poisoned darts
Armour
 a - a +0 animal skin (worn)
Talismans
 c - a beast talisman (active)
 d - a flux talisman
Scrolls
 e - a scroll of identify {unknown}
 f - a scroll of teleportation {unknown}
 h - a scroll of enchant weapon {unknown}
Potions
 b - a potion of lignification
 g - a potion of curing {unknown}


   Skills:
 + Level 1.0 Fighting
 + Level 2.9 Dodging
 + Level 2.5 Unarmed Combat
 + Level 4.1 Shapeshifting


You couldn't memorise any spells.
You didn't know any spells.
Your spell library was empty.

Dungeon Overview and Level Annotations

Branches:
Dungeon (1/15)

Altars:


Innate Abilities, Weirdness & Mutations

You are a hulking beast.
Your limbs bulge with bestial killing power. (Slay +2)
You are very small and have problems with some larger weapons.
You are too small for most types of armour.
You have supernaturally acute eyesight. (SInv)
You cover ground extremely quickly. (Speed+++)


Message History

No target in view!
No target in view!
A goblin comes into view. It is wielding a +0 club.
The goblin shouts!
Found 4 poisoned darts.
You closely miss the goblin. The goblin barely misses you.
You hit the goblin.
You kill the goblin!
Your Fighting skill increases to level 1!
No target in view!
No target in view!
Found a ring mail.
You see here 4 poisoned darts.
i - 4 poisoned darts
Found a dagger.
Found a stone staircase leading down.
A goblin comes into view. It is wielding a +0 dagger.
The goblin shouts!
You hear a shout!
A kobold comes into view. It is wielding a +0 club.
You hear a shout!
The goblin hits you with a +0 dagger.
You hit the goblin.
You kill the goblin!
You hit the kobold.
The kobold is moderately wounded.
The kobold closely misses you.
You hit the kobold.
You kill the kobold!
A gnoll comes into view. It is wielding a +0 spear.
Things that are here:
a +0 dagger; a goblin corpse The gnoll shouts!
You hit the gnoll.
The gnoll is heavily wounded.
The gnoll closely misses you.
You hit the gnoll.
The gnoll is severely wounded.
The gnoll hits you with a +0 spear!
Ouch! That really hurt!
You die...

### . ...
..###+#######.# . +
.............#.. #.
.............. #..
#.#..g.......
#...##....h.......
###....)..).........
......##.#########..
................
###.####.#######
...>............
....###.######.# ##
....###.# ##.
........# ##..


You could see a gnoll.

Vanquished Creatures
  3 goblins (D:1)
  3 frilled lizards (D:1)
  A kobold (D:1)
  A rat (D:1)
8 creatures vanquished.

Notes
Turn   | Place    | Note
-------+----------+-------------------------------------------
     0 | D:1      | javelincjr the Spriggan Shapeshifter began the quest for
                  | the Orb.
     0 | D:1      | Reached XP level 1. HP: 9/9 MP: 2/2
   359 | D:1      | Reached skill level 1 in Fighting
   418 | D:1      | Slain by a gnoll

Illustrated notes

Levels and vault maps discovered:
D:1:      dpeg_arrival_central, layout_basic

Skill      XL: |  1 |
---------------+----+-----
Fighting       | 1 |  1.0
Dodging        | |  2.9
Unarmed Combat | |  2.5
Shapeshifting  | |  4.1

Action                     || total
---------------------------++-------
  Melee: Unarmed           ||    18
 Armour: Animal skin       ||     6
  Dodge: Dodged            ||     6

Table legend: (Time is in decaauts)
 A = Elapsed time spent in this place.
 B = Non-inter-level travel time spent in this place.
 C = Inter-level travel time spent in this place.
 D = Time resting spent in this place.
 E = Time spent auto-exploring this place.
 F = Levels seen in this place.
 G = Mean time per level.
                   A        B        C        D        E       F      G
               +--------+--------+--------+--------+--------+-----+--------+
         Total |    259 |    259 |      0 |      0 |    209 |   1 |  259.0 |
       Dungeon |    259 |    259 |      0 |      0 |    209 |   1 |  259.0 |
               +--------+--------+--------+--------+--------+-----+--------+

Top non-repeatable levels by time:
     D:1: 259 daAuts
